 Dungeon Crawl Stone Soup version 0.22-a0-231-g75390ab (webtiles) character file.

1122 berto the Skirmisher (level 8, 0/76 HPs)
             Began as a Gargoyle Berserker on June 12, 2018.
             Was a Believer of Trog.
             Slain by berto's ghost (1 damage)
             ... on level 7 of the Dungeon.
             The game lasted 00:12:33 (6364 turns).

berto the Skirmisher (Gargoyle Berserker)           Turns: 6364, Time: 00:12:34

Health: 0/76       AC: 24    Str: 28    XL:     8   Next: 35%
Magic:  8/8        EV:  2    Int:  8    God:    Trog [**....]
Gold:   290        SH:  0    Dex:  9    Spells: 7/7 levels left

rFire    . . .     SeeInvis .   a - +1 mace
rCold    . . .     Gourm    .   (no shield)
rNeg     + + +     Faith    .   (armour currently unavailable)
rPois    ∞         Spirit   .   (helmet currently unavailable)
rElec    .         Reflect  .   (cloak currently unavailable)
rCorr    .         Harm     .   (gloves currently unavailable)
MR       +....     NoTele   +   (boots currently unavailable)
Stlth    +.........             d - amulet of magic regeneration
HPRegen  0.22/turn              u - ring of protection from magic
MPRegen  0.36/turn              (no ring)

@: mighty, tree-form, berserk cooldown, slowed, very slow
A: negative energy resistance 1, petrification resistance, rot immunity, AC +5
a: Berserk, Trog's Hand, Burn Spellbooks, Renounce Religion


You were on level 7 of the Dungeon.
You worshipped Trog.
Trog was pleased with you.
You were hungry.
You were a tree.
You visited 1 branch of the dungeon, and saw 7 of its levels.

You collected 290 gold pieces.

Inventory:

Hand Weapons
 a - a +1 mace (weapon)
Armour
 b - a +2 cloak (melded)
 n - a +1 helmet (melded)
 t - a +0 chain mail (melded)
Jewellery
 d - an amulet of magic regeneration (around neck)
 o - an uncursed ring of protection from cold
 p - an uncursed amulet of regeneration {unknown}
 u - a ring of protection from magic (left branch)
 v - an uncursed ring of see invisible {unknown}
 C - an uncursed ring of ice {unknown}
Wands
 w - a wand of iceblast (11)
Scrolls
 i - a scroll of enchant armour
 j - 5 scrolls of teleportation
 q - a scroll of identify
 y - a scroll of recharging {unknown}
 z - a scroll of random uselessness {unknown}
 A - 2 scrolls of enchant weapon
 B - a scroll of torment {unknown}
 D - a scroll of blinking {unknown}
Potions
 e - 2 potions of lignification
 f - a potion of haste {unknown}
 g - a potion of cancellation
 h - a potion of restore abilities
 k - 2 potions of curing {unknown}
 l - 3 potions of degeneration {unknown}
 m - 4 potions of heal wounds {unknown}
 s - a potion of flight {unknown}
 x - a potion of agility {unknown}
Comestibles
 c - 13 rations


   Skills:
 + Level 6.2 Fighting
 + Level 5.6 Maces & Flails
 + Level 5.6 Armour
 + Level 4.2 Dodging


You had 7 spell levels left.
You didn't know any spells.

Dungeon Overview and Level Annotations

Branches:
Dungeon (7/15)
 Temple: D:4-7

Altars:
Cheibriados
Fedhas
Hepliaklqana
Jiyva
Makhleb
Sif Muna
Uskayaw
Vehumet

Annotations:
D:5 1 runed door
D:7 berto's ghost, novice GrFi


Innate Abilities, Weirdness & Mutations

You are resistant to torment.
((Your stone body is resilient. (AC +5)))
You are immune to poison.
You resist negative energy. (rN+)
((You are resistant to electric shocks. (rElec)))
((You can survive without breathing.))
You are immune to petrification.
You are immune to rotting.


Message History

Berto's ghost hits you.
* * * LOW HITPOINT WARNING * * *
The centaur hits you but does no damage.
As you read the scroll of teleportation, it crumbles to dust.
You feel strangely unstable. The centaur barely misses you.
Berto's ghost hits you!
* * * LOW HITPOINT WARNING * * *
The centaur hits you but does no damage.
Berto's ghost hits you but does no damage.
It was a potion of lignification.
You turn into a tree.
Your +2 cloak melds into your body.
Your +1 helmet melds into your body.
Your +0 chain mail melds into your body.
Your roots penetrate the ground.
You feel strangely stable. The centaur barely misses you.
Berto's ghost completely misses you.
The centaur hits you but does no damage.
You hit berto's ghost.
Berto's ghost is severely damaged.
The centaur hits you but does no damage.
Berto's ghost hits you.
You die...

## #. ##. ..
(## #.##
#♣.# #cW..#
.........
........####
...##......
#. #......#
# ........
......##..


You could see a centaur and berto's ghost.

Vanquished Creatures
  Grinder (D:3)
  An orc warrior (D:6)
  A sky beast (D:5)
  3 ogres
  The ghost of Apocopriest the Fey Demonspawn, an amateur DsDK of Yredelemnul (D:3)
  A wyvern zombie (D:6)
  A scorpion (D:5)
  A centaur zombie (D:6)
  A crimson imp (D:6)
  An orc priest (D:6)
  A worker ant (D:6)
  2 hound skeletons (D:6)
  5 adders
  A shadow imp (D:6)
  An ooze (D:2)
  An adder skeleton (D:6)
  4 worms
  A dart slug (D:2)
  3 leopard geckos (D:4)
  4 orcs
  2 ball pythons
  6 bats
  4 giant cockroaches
  8 goblins
  5 hobgoblins
  6 jackals
  3 quokkas
  4 frilled lizards
  2 kobolds (D:1)
  2 leopard gecko zombies (D:6)
  2 rats
79 creatures vanquished.

Notes
Turn   | Place    | Note
-------+----------+-------------------------------------------
     0 | D:1      | berto the Gargoyle Berserker began the quest for the Orb.
     0 | D:1      | Reached XP level 1. HP: 14/14 MP: 1/1
   321 | D:1      | Reached XP level 2. HP: 8/19 MP: 2/2
  1052 | D:2      | Reached XP level 3. HP: 23/23 MP: 3/3
  1124 | D:2      | Reached ** piety under Trog
  1764 | D:3      | Noticed Grinder
  1771 | D:3      | Paralysed by Grinder for 3 turns
  1777 | D:3      | Paralysed by Grinder for 7 turns
  1803 | D:3      | Killed Grinder
  1803 | D:3      | Reached skill level 4 in Fighting
  1803 | D:3      | Reached XP level 4. HP: 3/30 MP: 4/4
  1803 | D:3      | Reached XP level 5. HP: 3/34 MP: 5/5
  1803 | D:3      | Reached XP level 6. HP: 4/39 MP: 6/6
  2302 | D:3      | Found a burning altar of Makhleb.
  2314 | D:3      | Noticed Apocopriest's ghost (amateur DsDK)
  2331 | D:3      | Killed Apocopriest's ghost
  2426 | D:3      | Found a snail-covered altar of Cheibriados.
  2960 | D:4      | Found a hazy altar of Hepliaklqana.
  3084 | D:4      | Found a blossoming altar of Fedhas.
  3174 | D:4      | Reached skill level 5 in Fighting
  3320 | D:4      | Reached XP level 7. HP: 17/44 MP: 7/7
  3754 | D:5      | Entered Level 5 of the Dungeon
  3835 | D:5      | Found a runed door.
  4074 | D:5      | Noticed a hand axe
  4250 | D:5      | Noticed a hand axe
  4250 | D:5      | Found a hide-covered altar of Uskayaw.
  4426 | D:5      | Reached skill level 5 in Maces & Flails
  5015 | D:6      | Reached skill level 5 in Armour
  5233 | D:6      | Found a viscous altar of Jiyva.
  5307 | D:6      | Reached XP level 8. HP: 46/51 MP: 8/8
  5462 | D:6      | Found a radiant altar of Vehumet.
  5626 | D:6      | Reached skill level 6 in Fighting
  5740 | D:6      | Reached *** piety under Trog
  6128 | D:6      | Found a deep blue altar of Sif Muna.
  6333 | D:7      | Noticed berto's ghost (novice GrFi)
  6362 | D:7      | HP: 1/51 [berto's ghost (11)]
  6364 | D:7      | Slain by berto's ghost

Vault maps used:
D:1:      dpeg_arrival_orchard, minivault_25
D:3:      nicolae_overflow_crystal_walls, nicolae_overflow_hidden_temple,
          lemuel_round_altar, uniq_grinder
D:4:      fedhas_altar_3, kennysheep_mini, gup_sewer_entry_bowl
D:5:      dancing_weapons_uskayaw, first_ration, water_maze_lemuel,
          uniq_crazy_yiuf_cottage
D:6:      vehumet_crystals, lemuel_blue_sif_altar, old_standard_altar,
          serial_undead, serial_undead_d, serial_undead_a, serial_undead_e,
          serial_undead_e, grunt_ministairs_4
D:7:      lemuel_zombie_altar_kikubaaqudgha, temple_statues, serial_shops, shop,
          minmay_misc_feat_doors

Skill      XL: |  1  2  3  4  5  6  7  8 |
---------------+-------------------------+-----
Dodging        | 2 3 4 |  4.2
Fighting       | 4 5 6 |  6.2
Maces & Flails | 4 5 |  5.6
Armour         | 3 4 5 |  5.6

Action                   |  1- 3 |  4- 6 |  7- 9 || total
-------------------------+-------+-------+-------++-------
Melee: Mace              |   122 |    75 |    86 ||   283
       Hammer            |       |       |   282 ||   282
Invok: Berserk           |     1 |     1 |     3 ||     5
       Burn Spellbooks   |     1 |       |       ||     1
  Use: Scroll            |       |     8 |     5 ||    13
       Potion            |       |       |     2 ||     2
  Eat: Chunk             |     3 |     1 |     4 ||     8
       Ration            |       |     2 |     2 ||     4
Armor: Animal skin       |    26 |       |       ||    26
       Leather armour    |     8 |       |       ||     8
       Ring mail         |    31 |    30 |   130 ||   191
       Chain mail        |       |       |    61 ||    61
       Skin              |       |       |     2 ||     2
Dodge: Dodged            |   101 |    58 |   196 ||   355

Table legend:
 A = Spawn XP
 B = Non-spawn XP
 C = Spawn XP percentage of total XP
 D = Spawn monster count
 E = Non-spawn monster count
 F = Spawn count percentage of total count
 G = Total turns spent on level
                    A         B        C        D         E        F      G
               +---------+---------+-------+---------+---------+-------+---------
         Total |       0 |    1603 |   0.0 |       0 |      79 |   0.0 |  6364
               +---------+---------+-------+---------+---------+-------+---------
           D:1 |       0 |      28 |   0.0 |       0 |      16 |   0.0 |   956
           D:2 |       0 |      52 |   0.0 |       0 |      14 |   0.0 |   808
           D:3 |       0 |     437 |   0.0 |       0 |      12 |   0.0 |   994
           D:4 |       0 |     165 |   0.0 |       0 |      11 |   0.0 |   996
           D:5 |       0 |     344 |   0.0 |       0 |       9 |   0.0 |  1026
           D:6 |       0 |     577 |   0.0 |       0 |      17 |   0.0 |  1553
               +---------+---------+-------+---------+---------+-------+---------
